 Dungeon Crawl Stone Soup version 0.31-a0-986-g5e6e4ef867 (webtiles) character file.

Game seed: 8181189044793093535

93 sammy202020 the Ruffian (level 4, -7/34 HPs)
             Began as a Demonspawn Shapeshifter on Nov 11, 2023.
             Mangled by a gnoll
             ... wielding a +2 halberd of protection
              (9 damage)
             ... on level 2 of the Dungeon.
             The game lasted 00:02:02 (1453 turns).

sammy202020 the Ruffian (Demonspawn Shapeshifter)   Turns: 1453, Time: 00:02:03

Health: -7/34      AC:  6    Str: 16    XL:     4   Next: 37%
Magic:  4/4        EV: 12    Int: 11    God:
Gold:   51         SH:  0    Dex: 13    Spells: 3/3 levels left

rFire   . .          .
                       - Unarmed
rCold   . . .        (no shield)
rNeg    . . .        j - +0 scale mail
rPois   .            (helmet currently unavailable)
rElec   .            (cloak currently unavailable)
rCorr   .            (gloves currently unavailable)
SInv    .            (boots currently unavailable)
Will    .....        (no amulet) Stlth
                     (no ring)
HPRegen 0.25/turn    (no ring)
MPRegen 0.09/turn

%: no passive effects
@: beast-form
A: beast (slay +1), repulsion field 1, demonic guardian 1
a: Begin Untransformation


You were on level 2 of the Dungeon.
You were a hulking beast.
You visited 1 branch of the dungeon, and saw 2 of its levels.

You collected 51 gold pieces.

Inventory:

Armour
 a - a +0 animal skin
 h - a +0 pair of gloves
 j - a +0 scale mail (worn)
Talismans
 c - a beast talisman (active)
 d - a flux talisman
Wands
 f - a wand of paralysis (7)
Scrolls
 e - a scroll of identify
Potions
 b - a potion of lignification
 g - a potion of enlightenment {unknown}
 l - a potion of haste {unknown}


   Skills:
 * Level 2.3 Fighting
 + Level 1.0 Armour
 + Level 2.1 Dodging
 * Level 3.3 Unarmed Combat
 * Level 3.1 Shapeshifting


You had 3 spell levels left.
You didn't know any spells.
Your spell library contained the following spells:

 Spells                   Type           Power      Damage    Failure   Level
 Magic Dart               Conj           0%         1d3       78%         1
 Searing Ray              Conj           0%         2d4       89%         2
 Fulminant Prism          Conj/Hex       0%         3d5       100%        4


Dungeon Overview and Level Annotations

Branches:
Dungeon (2/15)

Altars:


Innate Abilities, Weirdness & Mutations

You are a hulking beast.
Your limbs bulge with bestial killing power. (Slay +1)
You are surrounded by a mild repulsion field. (EV +2)
A weak demonic guardian rushes to your aid.


Message History

You are too injured to fight recklessly!
You are too injured to fight recklessly!
You are too injured to fight recklessly!
You are too injured to fight recklessly!
You are too injured to fight recklessly!
You are too injured to fight recklessly!
You are too injured to fight recklessly!
You are too injured to fight recklessly!
You are too injured to fight recklessly!
You are too injured to fight recklessly!
You are too injured to fight recklessly!
You are too injured to fight recklessly!
You are too injured to fight recklessly!
You are too injured to fight recklessly!
You are too injured to fight recklessly!
You are too injured to fight recklessly!
You are too injured to fight recklessly!
The gnoll misses you.
You hit the gnoll.
The gnoll is lightly wounded.
You hit the gnoll.
The gnoll is moderately wounded.
The gnoll closely misses you.
You completely miss the gnoll.
The gnoll is moderately wounded.
The gnoll completely misses you.
You completely miss the gnoll.
The gnoll is moderately wounded.
The gnoll hits you with a +2 halberd of protection.
* * * LOW HITPOINT WARNING * * *
A demonic guardian appears!
You hit the gnoll but do no damage.
The gnoll is moderately wounded.
The gnoll misses you.
You hit the gnoll. You punch the gnoll, but do no damage.
The gnoll is moderately wounded.
Your shadow imp gestures at the gnoll.
The gnoll writhes in agony.
The gnoll hits you with a +2 halberd of protection!
You die...

#....######.....#
..#### #.....# ###
###.###
#############.# #
...†..........## ##.#
##########
#$..####...## ##
#.....5..... .###
#.#))......# ...#
#######.#.hg..#
...####.........#####
........#########
...###### ...# ..>#
####


You could see a gnoll (ally target) and a friendly shadow imp (summoned).

Vanquished Creatures
  2 adders (D:2)
  2 gnolls (D:2)
  A worm (D:2)
  3 dart slugs (D:1)
  5 ball pythons
  2 bats (D:1)
  5 endoplasms
  A giant cockroach (D:1)
  3 goblins (D:2)
  3 hobgoblins
  2 jackals (D:1)
  A quokka (D:2)
  2 kobolds (D:1)
  2 rats (D:2)
34 creatures vanquished.

Vanquished Creatures (collateral kills)
  A worm (D:2)
  3 jackals (D:2)
  A quokka (D:2)
5 creatures vanquished.

Grand Total: 39 creatures vanquished

Notes
Turn   | Place    | Note
-------+----------+-------------------------------------------
     0 | D:1      | sammy202020 the Demonspawn Shapeshifter began the quest for
                  | the Orb.
     0 | D:1      | Reached XP level 1. HP: 15/15 MP: 1/1
     0 | D:1      | Noticed a human
     0 | D:1      | Noticed a vine stalker
     1 | D:1      | Noticed a formicid
     2 | D:1      | Noticed a demonspawn
     4 | D:1      | Noticed a minotaur
     7 | D:1      | Noticed a naga
     8 | D:1      | Noticed a gargoyle
     9 | D:1      | Noticed a felid
    11 | D:1      | Noticed a human
    11 | D:1      | Noticed a demigod
    15 | D:1      | Noticed an ogre
    15 | D:1      | Noticed a human
    17 | D:1      | Noticed a gargoyle
    19 | D:1      | Noticed a human
    19 | D:1      | Noticed a draconian
    21 | D:1      | Noticed a minotaur
   106 | D:1      | Gained mutation: A weak demonic guardian rushes to your
                  | aid. [demonic ancestry]
   106 | D:1      | Reached XP level 2. HP: 21/21 MP: 2/2
   590 | D:1      | Gained mutation: You are surrounded by a mild repulsion
                  | field. (EV +2) [demonic ancestry]
   590 | D:1      | Reached XP level 3. HP: 27/27 MP: 3/3
  1317 | D:2      | Reached XP level 4. HP: 33/33 MP: 4/4
  1447 | D:2      | Reached skill level 1 in Armour
  1453 | D:2      | Mangled by a gnoll

Illustrated notes

Levels and vault maps discovered:
D:1:      shiori_arrival_whats_in_store_for_you, layout_loops_ring,
          minmay_hexomino_f4
D:2:      layout_rooms

Skill      XL: |  1  2  3  4 |
---------------+-------------+-----
Unarmed Combat | 3 |  3.3
Dodging        | 2 |  2.1
Shapeshifting  | 3 |  3.1
Fighting       | 2 |  2.3
Armour         | 1 |  1.0

Action                     |  1- 3 |  4- 6 || total
---------------------------+-------+-------++-------
  Melee: Unarmed           |    93 |    23 ||   116
         Punch             |     2 |     1 ||     3
    Use: Scroll            |     4 |       ||     4
   Stab: Sleeping          |     1 |       ||     1
 Armour: Animal skin       |     4 |       ||     4
         Scale mail        |    52 |    11 ||    63
         Ring mail         |     4 |       ||     4
  Dodge: Dodged            |    66 |    20 ||    86
   Form: Beast             |     1 |       ||     1

Table legend: (Time is in decaauts)
 A = Elapsed time spent in this place.
 B = Non-inter-level travel time spent in this place.
 C = Inter-level travel time spent in this place.
 D = Time resting spent in this place.
 E = Time spent auto-exploring this place.
 F = Levels seen in this place.
 G = Mean time per level.
                   A        B        C        D        E       F      G
               +--------+--------+--------+--------+--------+-----+--------+
         Total |   1446 |   1446 |      0 |    156 |    957 |   2 |  723.0 |
       Dungeon |   1446 |   1446 |      0 |    156 |    957 |   2 |  723.0 |
               +--------+--------+--------+--------+--------+-----+--------+

Top non-repeatable levels by time:
     D:1: 869 daAuts
     D:2: 576 daAuts
